 Dungeon Crawl Stone Soup version 0.17-a0-1360-g37db002 (webtiles) character file.

130 Githyanki the Skirmisher (level 5, -19/57 HPs)
             Began as an Ogre Hunter on June 11, 2015.
             Demolished by an ogre
             ... wielding a +0 giant spiked club
              (27 damage)
             ... on level 4 of the Dungeon.
             The game lasted 00:06:53 (1832 turns).

Githyanki the Skirmisher (Ogre Hunter)              Turns: 1832, Time: 00:06:53

Health: -19/57     AC:  4    Str: 17    XL:     5   Next: 14%
Magic:  5/5        EV: 10    Int: 10    God:
Gold:   90         SH:  0    Dex: 11    Spells: 0 memorised, 4 levels left

rFire  . . .     SeeInvis .     q - +0 club
rCold  . . .     Clarity  .     d - +1 robe
rNeg   . . .     SustAt   .     (no shield)
rPois  .         Gourm    .     (helmet restricted)
rElec  .         Spirit   .     (no cloak)
rCorr  .         Warding  .     (gloves unavailable)
rMut   .         Stasis   .     (boots unavailable)
MR     .....                    (no amulet)
Stlth  +.........               (no ring)
                                (no ring)

@: very slightly contaminated, hasted, very quick, not resistant to hostile
enchantments, very unstealthy
A: unfitting armour, tough skin 1
a: no special abilities


You were on level 4 of the Dungeon.
You were not hungry.

You visited 1 branch of the dungeon, and saw 4 of its levels.

You collected 90 gold pieces.

Inventory:

Hand weapons
 c - a +0 short sword
 q - a +0 club (weapon)
Armour
 d - a +1 robe (worn)
Jewellery
 n - an uncursed ring of wizardry {unknown}
Magical devices
 a - a wand of lightning (11)
 t - a wand of magic darts (19)
Scrolls
 f - a scroll of noise {unknown}
 g - 2 scrolls of random uselessness {unknown}
 h - 4 scrolls of identify {unknown}
 i - a scroll of remove curse
 j - 2 scrolls of fog {unknown}
 m - 2 scrolls of amnesia
 u - a scroll of blinking {unknown}
Potions
 k - a potion of magic
Comestibles
 e - 3 bread rations
 l - a beef jerky
 o - 2 meat rations
 w - 3 chunks of flesh


   Skills:
 + Level 5.3 Fighting
 * Level 2.3 Maces & Flails
 - Level 5.0 Throwing
 - Level 2.0 Dodging
 - Level 0.7 Stealth
 + Level 0.1 Evocations


You had 4 spell levels left.
You didn't know any spells.

Dungeon Overview and Level Annotations

Branches:
Dungeon (4/15)
 Temple: D:4-7

Altars:
Vehumet

Annotations:
D:4 B1inky's ghost, average OpFi


Innate Abilities, Weirdness & Mutations

You are too large for most types of armour.
You have tough skin (AC +1).


Message History

You feel yourself speed up.
Read which item? (? for menu, Esc to quit)
As you read the scroll labeled HUQUTU LUBLUEHUD, it crumbles to dust.
You feel blessed for a moment.
It was a scroll of remove curse.
Read which item? (? for menu, Esc to quit)
As you read the scroll labeled GUIPPA SIZO, it crumbles to dust.
You feel forgetful for a moment.
It was a scroll of amnesia.
Your resistance to elements expires.
Read which item? (? for menu, Esc to quit)
As you read the scroll labeled MECROF ECSU, it crumbles to dust.
It is a scroll of enchant armour.
Enchant which item? (? for menu, Esc to quit)
Your +0 robe glows green for a moment.
Read which item? (? for menu, Esc to quit)
As you read the scroll labeled ZELUEDD ROORUI, it crumbles to dust.
It is a scroll of recharging.
Charge which item? (? for menu, Esc to quit)
Your wand of lightning {empty} glows for a moment.
The ogre hits you with a giant spiked club!!
You die...

## ##.####
##.....#####
#..........####
#..g..g..l.###
##..#####..O@#
#..## ######
##O.# #..##
##..# #.l##
##.g# #..##
##..#


You could see an ogre, a goblin and a giant newt.

Vanquished Creatures
  An orc wizard (D:3)
  Natasha (D:4)
  An adder (D:3)
  An ooze (D:2)
  2 worms (D:2)
  3 giant geckos
  5 orcs (D:3)
  2 bats
  A giant cockroach (D:2)
  8 goblins
  7 hobgoblins
  4 kobolds
  2 quokkas (D:2)
  2 giant newts
  10 rats
50 creatures vanquished.

Notes
Turn   | Place    | Note
--------------------------------------------------------------
     0 | D:1      | Githyanki the Ogre Hunter began the quest for the Orb.
     0 | D:1      | Reached XP level 1. HP: 22/22 MP: 1/1
   178 | D:1      | Reached XP level 2. HP: 21/29 MP: 2/2
   321 | D:1      | Reached skill level 5 in Throwing
   630 | D:2      | Reached XP level 3. HP: 34/37 MP: 3/3
  1210 | D:3      | Reached XP level 4. HP: 49/49 MP: 4/4
  1424 | D:3      | Found a radiant altar of Vehumet.
  1640 | D:3      | Reached skill level 1 in Maces & Flails
  1652 | D:3      | Reached skill level 5 in Fighting
  1730 | D:4      | Noticed B1inky's ghost (average OpFi)
  1769 | D:4      | Noticed an ogre
  1773 | D:4      | Noticed Natasha
  1805 | D:4      | Killed Natasha
  1805 | D:4      | Reached XP level 5. HP: 3/57 MP: 5/5
  1832 | D:4      | Demolished by an ogre

Vault maps used:
D:1:      sevenhm_arrival_forest_fort_small_2, st_stairs_6, minivault_24
D:3:      overflow_temple_1_default
D:4:      uniq_grinder, uniq_natasha

Action                   |  1- 3 |  4- 6 || total
-------------------------+-------+-------++-------
Melee: Short sword       |    89 |    24 ||   113
       Club              |       |    31 ||    31
Throw: Large rock        |    33 |     7 ||    40
       Throwing net      |     2 |     2 ||     4
Evoke: Wand              |       |     4 ||     4
  Use: Potion            |       |     5 ||     5
       Scroll            |       |     4 ||     4
 Stab: Held in net/web   |     1 |       ||     1
  Eat: Chunk             |       |     3 ||     3
